 Dungeon Crawl Stone Soup version 0.19.0-26-g9e9c210 (webtiles) character file.

46 Kemay the Changer (level 3, -3/23 HPs)
             Began as an Octopode Transmuter on Nov 23, 2016.
             Slain by an orc
             ... wielding a +0 whip
              (6 damage)
             ... on level 1 of the Dungeon.
             The game lasted 00:02:52 (1363 turns).

Kemay the Changer (Octopode Transmuter)             Turns: 1363, Time: 00:02:52

Health: -3/23      AC:  1    Str:  9    XL:     3   Next: 66%
Magic:  6/6        EV: 13    Int: 15    God:
Gold:   66         SH:  0    Dex: 13    Spells: 2 memorised, 2 levels left

rFire  . . .     SeeInvis .       - Unarmed
rCold  . . .     Gourm    .     (no shield)
rNeg   . . .     Faith    .     (helmet restricted)
rPois  .         Spirit   .     (no amulet)
rElec  .         Reflect  .     (no ring)
rCorr  .         Harm     .     (no ring)
MR     .....                    (no ring)
Stlth  ++........               (no ring)
                                (no ring)
                                (no ring)
                                (no ring)
                                (no ring)

@: no status effects
A: almost no armour, stealthy swim, amphibious, 8 rings, constrict 8, camouflage
1, gelatinous body 1
a: no special abilities


You were on level 1 of the Dungeon.
You were not hungry.

You visited 1 branch of the dungeon, and saw 2 of its levels.

You collected 66 gold pieces.

Inventory:

Missiles
 a - 12 arrows
Scrolls
 e - 2 scrolls of teleportation
Potions
 h - a potion of brilliance
 i - a potion of ambrosia {unknown}
Books
 b - a book of Changes

   Spells                             Type                      Level
   a - Beastly Appendage              Transmutation                1
   b - Sticks to Snakes               Transmutation                2
   c - Spider Form                    Transmutation/Poison         3
   d - Ice Form                       Ice/Transmutation            4
   e - Blade Hands                    Transmutation                5
Comestibles
 c - a bread ration
 d - 6 chunks of flesh
 g - 4 fruits


   Skills:
 - Level 1.0 Fighting
 - Level 2.0 Dodging
 - Level 3.0 Unarmed Combat
 - Level 2.0 Spellcasting
 + Level 3.7 Transmutations
 + Level 1.0 Poison Magic


You had 2 spell levels left.
You knew the following spells:

 Your Spells              Type           Power        Failure   Level  Hunger
a - Beastly Appendage     Tmut           ##....       6%          1    #......
b - Spider Form           Tmut/Pois      #.........   30%         3    ###....


Dungeon Overview and Level Annotations

Branches:
Dungeon (2/15)

Altars:


Innate Abilities, Weirdness & Mutations

You cannot wear most types of armour.
You are very stealthy in the water. (Stealth+)
You are amphibious.
You can wear up to eight rings at the same time.
You can use your tentacles to constrict eight enemies at once.
Your skin changes colour to match your surroundings (Stealth+).
Your rubbery body absorbs attacks. (AC +1, EV +1)


Message History

The hobgoblin hits you with a club.
* * * LOW HITPOINT WARNING * * *
You closely miss the hobgoblin. Your grab misses the hobgoblin.
The hobgoblin barely misses you.
You tentacle-slap the hobgoblin.
You kill the hobgoblin!
Things that are here:
a club; a hobgoblin corpse You butcher the hobgoblin corpse.
d - 6 chunks of flesh (gained 4)
You see here a club.
You start resting.
An orc comes up the stairs.
It is wielding a whip.
You start resting.
You closely miss the orc.
The orc shouts!
You grab the orc.
You constrict the orc, but do no damage.
The orc hits you with a whip.
You die...

### ##.## ########@#.##
#......o###.##### ######
#.######.#..o>..#
.....####.#######.#####.#
####.#..........).#####.####
#.#.#...######..........#
####.....#.......###.......#
.......#...#####.#
#.......######
.#####...........#
#.......).....


You could see an orc.

Vanquished Creatures
  An adder (D:2)
  A worm (D:2)
  A dart slug (D:1)
  A leopard gecko (D:2)
  2 ball pythons (D:1)
  5 goblins
  7 hobgoblins (D:1)
  7 bats (D:1)
  2 kobolds (D:1)
  4 rats (D:1)
31 creatures vanquished.

Notes
Turn   | Place    | Note
-------+----------+-------------------------------------------
     0 | D:1      | Kemay the Octopode Transmuter began the quest for the Orb.
     0 | D:1      | Reached XP level 1. HP: 13/13 MP: 3/3
   181 | D:1      | Reached XP level 2. HP: 7/18 MP: 3/5
   803 | D:1      | Reached XP level 3. HP: 23/23 MP: 4/6
  1098 | D:1      | Learned a level 3 spell: Spider Form
  1295 | D:2      | Reached skill level 1 in Poison Magic
  1363 | D:1      | Slain by an orc

Skill      XL: |  1  2  3 |
---------------+----------+-----
Transmutations | 3 |  3.7
Poison Magic   | 1 |  1.0
Fighting       | |  1.0
Dodging        | |  2.0
Unarmed Combat | |  3.0
Spellcasting   | |  2.0

Action                   || total
-------------------------++-------
Melee: Unarmed           ||    73
       Constrict         ||    25
       Tentacles         ||    11
       Kick              ||     9
       Punch             ||     1
 Cast: Beastly Appendage ||    11
  Use: Scroll            ||     3
 Stab: Sleeping          ||     7
  Eat: Chunk             ||     2
Armor: Skin              ||    12
Dodge: Dodged            ||    41
